AoeStats
← adnanca

Black Forest

510166157Analyzed
3v3 RM · 2d ago on Sep 29, 2026· 43m 7s· 6 players
Game mode
Random Map
Map size
Normal (6 player)
Population
200
Speed
Normal
Resources
Standard
Victory
Conquest
Starting age
Dark Age
Ending age
Imperial Age
RankedLock teamsTeams togetherTeam positionsShared explorationLock speedFull tech treeHidden civsTurbo modeCheats
Victory
Defeat
🇺🇸 Danes · United States
1231
+10
🇹🇷 Burgundians · Türkiye
1157
+13
🇹🇷 Japanese · Türkiye
771
+28
🇬🇧 Mongols · United Kingdom
1106
-18
🇬🇧 Varangians · United Kingdom
1081
-17
🇨🇳 Magyars · China
1055
-16
amityy
0:47 Loom
11:41 Feudal Age
15:27 Castle Age
13:48 Double-Bit Axe
14:07 Horse Collar
17:50 Bow Saw
20:55 Wheelbarrow
21:08 Heavy Plow
27:24 Imperial Age
25:40 Hand Cart
25:49 Gold Mining
27:39 Gold Shaft Mining
26:54 Stone Mining
26:52 Town Watch
27:00 Stone Mining
27:30 Scale Mail Armor
27:28 Onager
28:37 Chain Mail Armor
29:57 Chemistry
28:44 Pikeman
29:25 Squires
30:23 Plate Mail Armor
30:44 Stone Shaft Mining
30:47 Siege Onager
31:20 Halberdier
32:31 Forging
32:58 Siege Engineers
34:23 Iron Casting
36:14 Blast Furnace
35:15 Northmen's Fury
39:15 Town Patrol
40:47 Hamask
41:50 Conscription
41:33 Padded Archer Armor
40:56 Hamask
Jagdpanzer
13:21 Feudal Age
14:10 Double-Bit Axe
15:16 Scale Mail Armor
16:13 Forging
17:03 Arson
16:39 Man-at-Arms
26:14 Castle Age
28:01 Gambesons
28:18 Squires
28:36 Long Swordsman
29:50 Bow Saw
30:23 Horse Collar
35:27 Chain Mail Armor
35:49 Iron Casting
39:31 Yasama
41:49 Heavy Plow
adnanca
1:00 Loom
12:36 Feudal Age
11:42 Double-Bit Axe
15:12 Stone Mining
17:36 Castle Age
17:04 Stone Shaft Mining
17:22 Bow Saw
30:10 Imperial Age
27:46 Gold Mining
29:02 Wheelbarrow
28:16 Horse Collar
30:33 Two-Man Saw
29:27 Town Watch
30:22 Gold Shaft Mining
30:41 Hand Cart
30:55 Heavy Plow
32:50 Crop Rotation
34:15 Masonry
36:34 Hoardings
36:33 Architecture
36:18 Murder Holes
37:12 Cavalier
37:52 Husbandry
38:13 Scale Barding Armor
38:20 Forging
39:19 Chain Barding Armor
40:05 Paladin
41:56 Iron Casting
42:18 Plate Barding Armor
44:19 Blast Furnace
TigerTom90
10:39 Feudal Age
12:43 Loom
15:09 Castle Age
13:34 Double-Bit Axe
14:09 Horse Collar
22:25 Bow Saw
29:29 Imperial Age
28:27 Gold Mining
28:28 Stone Mining
28:47 Heavy Plow
29:24 Forging
29:20 Scale Barding Armor
29:55 Wheelbarrow
29:05 Town Watch
30:04 Stone Shaft Mining
30:28 Town Patrol
31:16 Crop Rotation
31:55 Two-Man Saw
32:09 Iron Casting
31:56 Chain Barding Armor
33:58 Blast Furnace
32:41 Elite Jarl
33:46 Bloodlines
33:39 Husbandry
34:01 Caravan
35:21 Plate Barding Armor
38:25 Arson
38:40 Squires
38:26 Gambesons
38:45 Scale Mail Armor
38:22 Elite Varangian Guard
40:30 Chain Mail Armor
42:43 Conscription
41:52 Gothikon
likelisi017
2:42 Loom
11:51 Feudal Age
19:16 Castle Age
17:45 Double-Bit Axe
17:45 Horse Collar
19:36 Stone Mining
20:59 Wheelbarrow
20:08 Crossbowman
21:50 Fervor
27:08 Bow Saw
27:09 Heavy Plow
27:46 Town Watch
28:52 Corvinian Army
29:49 Hand Cart
29:42 Padded Archer Armor
29:32 Fletching
34:10 Imperial Age
32:43 Thumb Ring
33:35 Ballistics
34:05 Bodkin Arrow
34:15 Gold Mining
34:52 Leather Archer Armor
34:14 Arbalester
35:36 Conscription
36:30 Two-Man Saw
36:30 Ring Archer Armor
36:06 Bracer
37:11 Crop Rotation
37:03 Recurve Bow
37:40 Hoardings
37:51 Gold Shaft Mining
37:56 Scale Barding Armor
38:03 Elite Magyar Huszar
DazCar
1:42 Loom
13:00 Feudal Age
16:59 Castle Age
15:24 Double-Bit Axe
21:26 Bow Saw
22:06 Fletching
28:45 Gold Mining
34:37 Imperial Age
32:06 Bodkin Arrow
32:43 Padded Archer Armor
34:23 Leather Archer Armor
36:07 Bracer
40:32 Ballistics
41:13 Chemistry
Connection lost

Rejoining the realm…

Still unreachable

The connection could not be restored.

Session expired

The server has moved on; the page needs a fresh start.